 Dungeon Crawl Stone Soup version 0.30-a0-748-ge6a52f7cba (webtiles) character file.

Game seed: 1751218339262004157

14558 jimonade the Thaumaturge (level 12, -1/82 HPs)
             Began as a Djinni Transmuter on Feb 8, 2023.
             Was a Believer of Ashenzari.
             Slain by a komodo dragon (5 damage)
             ... on level 1 of the Lair of Beasts.
             The game lasted 00:32:02 (11291 turns).

jimonade the Thaumaturge (Djinni Transmuter)       Turns: 11291, Time: 00:32:03

Health: -1/82      AC: 10    Str: 11    XL:     12   Next: 46%
Gold:   898        EV: 16    Int: 18    God:    Ashenzari [**....] SH:  5 Dex: 20

rFire   + + .      SeeInvis +    r - +0 short sword "Share My Seeker" {Range, Cun} (curse)
rCold   x . .      Faith    .    q - +0 buckler
rNeg    . . .      Spirit   .    Z - +0 troll leather armour
rPois   ∞          Reflect  .    B - +1 helmet
rElec   .          Harm     .    h - +2 cloak of the Thief {*Fog Slay-2 SInv Stlth+}
rCorr   +          Rampage  .    Q - +0 pair of gloves of Toth-Mos's Legacy {Fort, Self} (curse)
Will    +....                    (boots unavailable)
Stlth   +++                      I - amulet of Ashenzari's Omen {Regen+, Self, Evo} (curse)
HPRegen 1.93/turn                f - ring of resist corrosion
MPRegen 0.00/turn                G - +6 ring of dexterity

@: flying
A: sickness immunity, fire resistance 2, cold vulnerability 1, float, innate
caster, HP casting, extra vitality 1
a: Renounce Religion, Curse Item, Shatter the Chains


You were on level 1 of the Lair of Beasts.
You worshipped Ashenzari.
Ashenzari was pleased with you.
You visited 2 branches of the dungeon, and saw 11 of its levels.

You collected 898 gold pieces.

Inventory:

Hand Weapons
 a - a +2 dagger of venom
 b - a +2 dagger of electrocution
 o - a +4 whip
 r - the cursed +0 short sword "Share My Seeker" (weapon) {Range, Cun}
   (You took it off a kobold on level 2 of the Dungeon)

   It has a curse which improves the following skills: Ranged Combat: Ranged
   Weapons and Throwing.
   Cunning:   Dodging and Stealth.
 z - a +0 dagger of draining
 R - a +1 dagger of speed
 T - a +2 shortbow of freezing
 X - a +2 antimagic short sword
Missiles
 y - 5 boomerangs
 H - 13 poisoned darts
Armour
 c - a +0 leather armour
 h - the +2 cloak of the Thief (worn) {*Fog Slay-2 SInv Stlth+}
   (You acquired it on level 4 of the Dungeon)

   *Fog:      It may release a thick cloud of smoke when the wearer is hurt.
   Slay:      It affects your accuracy & damage with ranged weapons and melee
   (-2).
   SInv:      It lets you see invisible.
   Stlth:     It makes you more stealthy.
 q - a +0 buckler (worn)
 t - the +1 chain mail "Hicoys" {Fly rCorr}
   (You found it on level 5 of the Dungeon)

   Fly:       It grants you flight.
   rCorr:     It protects you from acid and corrosion.
 x - a +0 ring mail
 B - a +1 helmet (worn)
 L - +0 steam dragon scales
 N - the +1 ring mail "Jitzos" {rN++ Int+2}
   (You found it on level 6 of the Dungeon)

   Int:       It affects your intelligence (+2).
   rN:        It greatly protects you from negative energy.
 O - a +0 robe
 P - a scarf of repulsion
 Q - the cursed +0 pair of gloves of Toth-Mos's Legacy (worn) {Fort, Self}
   (You found it on level 7 of the Dungeon)

   It has a curse which improves the following skills: Fortitude: Armour and
   Shields.
   Introspection: Fighting and Spellcasting.
 U - a +2 animal skin
 Z - a +0 troll leather armour (worn)
Magical Staves
 A - a staff of conjuration
Jewellery
 f - a ring of resist corrosion (left hand)
 v - a ring of see invisible
 G - a +6 ring of dexterity (right hand)
 I - the cursed amulet of Ashenzari's Omen (around neck) {Regen+, Self, Evo}
   (You found it on level 6 of the Dungeon)

   [amulet of regeneration]

   Regen:     It increases your rate of health regeneration.
   It has a curse which improves the following skills: Introspection: Fighting
   and Spellcasting.
   Evocations: Evocations.
Wands
 C - a wand of charming (3)
 K - a wand of iceblast (18)
Scrolls
 d - 11 scrolls of identify
 e - a scroll of fear
 g - 8 scrolls of teleportation
 j - 2 scrolls of poison
 k - 2 scrolls of immolation
 m - 4 scrolls of vulnerability
 p - 3 scrolls of fog
 u - 3 scrolls of enchant weapon
 D - a scroll of silence
 E - 3 scrolls of blinking
 F - 3 scrolls of magic mapping
Potions
 i - 3 potions of cancellation
 l - 3 potions of brilliance
 n - 3 potions of haste
 s - 2 potions of heal wounds
 w - a potion of berserk rage
 J - 3 potions of curing
 M - a potion of might
 V - a potion of resistance
 W - a potion of lignification
 Y - 2 potions of experience


   Skills:
 * Level 3.9(5.6) Fighting
 + Level 2.1(3.1) Armour
 + Level 6.5(7.8) Dodging
 + Level 1.3(2.1) Shields
 + Level 4.3 Unarmed Combat
 + Level 13.6(15.4) Spellcasting


You had 17 spell levels left.
You knew the following spells:

 Your Spells              Type           Power      Damage    Failure   Level
a - Beastly Appendage     Tmut           100%       N/A       0%          1
b - Wereblood             Tmut           62%        N/A       1%          2
c - Spider Form           Tmut/Pois      62%        N/A       1%          3
d - Ice Form              Ice/Tmut       62%        N/A       1%          4
e - Slow                  Hex            100%       N/A       0%          1
f - Scorch                Fire           100%       2d10      1%          2
g - Mephitic Cloud        Conj/Pois/Air  62%        N/A       1%          3
h - Teleport Other        Tloc           62%        N/A       1%          3
i - Silence               Hex/Air        31%        N/A       1%          5
Your spell library was empty.

Dungeon Overview and Level Annotations

Branches:
Dungeon (10/15)            Temple (0/1) D:7            Lair (1/5) D:10
    Orc (0/2) D:9

Altars:
Ashenzari
Cheibriados
Dithmenos
Fedhas
Makhleb
Okawaru
Qazlal
Ru
Trog
Uskayaw
Xom
Yredelemnul

Shops:
D:9 [

Portals:
Abyss: D:7

Annotations:
D:3 2 runed translucent doors, jimonade's ghost, amateur FoHu
D:7 2 transporters, MrSquiggles's ghost, novice DsFE


Innate Abilities, Weirdness & Mutations

You are immune to sickness and miasma.
You are immune to poison.
Your flesh is very heat resistant. (rF++)
You are vulnerable to cold. (rC-)
You float through the air rather than walking.
You learn spells naturally, not from books.
Your magical power is your life essence.
You have superior vitality. (+4 MHP)


Message History

Items here: ( ) [ †.
Casting: Scorch (safe; 1% risk of failure)
Confirm with . or Enter, or press ? or * to list all spells.
Flames lash the komodo dragon.
The komodo dragon hisses angrily.
The komodo dragon is lightly wounded.
The komodo dragon's fire resistance burns away.
* * * LOW HITPOINT WARNING * * *
Casting: Scorch (safe; 1% risk of failure)
Confirm with . or Enter, or press ? or * to list all spells.
Flames lash the komodo dragon.
The komodo dragon is burned terribly!
The komodo dragon is heavily wounded.
* * * LOW HITPOINT WARNING * * *
The komodo dragon misses you.
Casting: Scorch (safe; 1% risk of failure)
Confirm with . or Enter, or press ? or * to list all spells.
Flames lash the komodo dragon.
The komodo dragon is burned terribly!
The komodo dragon is heavily wounded.
* * * LOW HITPOINT WARNING * * *
The komodo dragon bites you but does no damage.
Casting: Scorch (safe; 1% risk of failure)
Confirm with . or Enter, or press ? or * to list all spells.
Flames lash the komodo dragon.
The komodo dragon is burned terribly!
The komodo dragon is severely wounded.
* * * LOW HITPOINT WARNING * * *
The komodo dragon bites you!!
* * * LOW HITPOINT WARNING * * *
With a swish of your cloak, you release a cloud of fog.
Casting: Scorch (safe; 1% risk of failure)
Confirm with . or Enter, or press ? or * to list all spells.
Flames lash the komodo dragon.
The komodo dragon is burned terribly!
The komodo dragon is severely wounded.
* * * LOW HITPOINT WARNING * * *
The komodo dragon completely misses you.
Casting: Scorch (safe; 1% risk of failure)
Confirm with . or Enter, or press ? or * to list all spells.
Flames lash the komodo dragon but do no damage.
* * * LOW HITPOINT WARNING * * *
The komodo dragon bites you.
You die...

#.## , #..# ,, * ,
, #.## ..#, , ##..#
*P[.# .... #...#
*...##.... ##.##
#........ #.#
####..#.....
##.#####§#.........
#§.§§§@l§.#........
##§######.....#....
### ###........
#........ #....#...
#........
*##Po.[.P. ,,
.....#. #....#,


You could see a komodo dragon (combustible).

Vanquished Creatures
  4 two-headed ogres
  Urug (Lair:1)
  Maggie (D:6)
  A cane toad (Lair:1)
  A kobold demonologist (D:10)
  A hornet (D:8)
  A burning bush (Lair:1)
  3 trolls
  Prince Ribbit (D:8)
  A shadow (D:10)
  2 wraiths (D:10)
  22 yaks
  Grum (D:8)
  3 wyverns
  A steam dragon (D:6)
  4 vampire mosquitoes (D:10)
  2 water moccasins
  2 sky beasts
  2 acid dragons
  An ice beast (D:7)
  A black bear (D:7)
  5 orc warriors
  3 centaurs
  8 wolves
  A phantom (D:6)
  2 kobold brigands
  4 bullfrogs
  A necrophage (D:7)
  3 scorpions
  15 killer bees
  An electric eel (D:10)
  A jelly (D:6)
  6 orc priests
  6 hounds
  3 gnoll boudas
  7 iguanas
  8 orc wizards
  Natasha (twice) (D:3)
  14 gnolls
  7 adders
  A shadow imp (D:6)
  6 white imps
  A worm (D:3)
  7 dart slugs
  19 orcs
  8 endoplasms
  5 giant cockroaches
  11 goblins
  8 hobgoblins
  9 jackals
  14 kobolds
  4 quokkas
  3 ball pythons
  9 bats
  8 frilled lizards
  3 rats
269 creatures vanquished.

Vanquished Creatures (collateral kills)
  An orc priest (D:9)
  An orc (D:9)
2 creatures vanquished.

Vanquished Creatures (others)
  A wizard (D:4)
  A fungus (Lair:1)
2 creatures vanquished.

Grand Total: 273 creatures vanquished

Notes
Turn   | Place    | Note
-------+----------+-------------------------------------------
     0 | D:1      | jimonade the Djinni Transmuter began the quest for the Orb.
     0 | D:1      | jimonade set off with the following spells memorised:
                  | Beastly Appendage, Wereblood, Spider Form, Ice Form.
     0 | D:1      | Reached XP level 1. HP: 17/17 MP: 0/0
   198 | D:1      | Reached XP level 2. HP: 21/22 MP: 0/0
   505 | D:1      | Reached skill level 2 in Spellcasting
   571 | D:1      | Reached XP level 3. HP: 22/27 MP: 0/0
   571 | D:1      | Learned a level 1 spell: Slow
  1400 | D:2      | Found a burning altar of Makhleb.
  1448 | D:2      | Reached XP level 4. HP: 32/32 MP: 0/0
  2434 | D:3      | Noticed Natasha
  2440 | D:3      | Killed Natasha
  2441 | D:3      | Reached XP level 5. HP: 35/37 MP: 0/0
  2441 | D:3      | Learned a level 2 spell: Scorch
  2474 | D:3      | Found a large runed translucent door.
  2474 | D:3      | Found a large runed translucent door.
  2612 | D:3      | Reached skill level 3 in Spellcasting
  3040 | D:3      | Found a broken altar of Ashenzari.
  3044 | D:3      | Became a worshipper of Ashenzari the Shackled
  3125 | D:3      | Noticed Natasha
  3129 | D:3      | Killed Natasha
  3451 | D:3      | Noticed jimonade's ghost (amateur FoHu)
  3496 | D:4      | Reached XP level 6. HP: 24/42 MP: 0/0
  3710 | D:4      | Found a bloodstained altar of Trog.
  3711 | D:4      | Noticed a wizard
  3717 | D:4      | Killed a wizard
  3764 | D:4      | Found an iron altar of Okawaru.
  4003 | D:4      | Reached * piety under Ashenzari
  4020 | D:4      | Identified a scroll of acquirement
  4029 | D:4      | Acquired the +2 cloak of the Thief {*Fog Slay-2 SInv
                  | Stlth+}
  4029 | D:4      | Found the +2 cloak of the Thief {*Fog Slay-2 SInv Stlth+}
  4267 | D:5      | Entered Level 5 of the Dungeon
  4267 | D:5      | Identified the +1 chain mail "Hicoys" {Fly rCorr}
  4788 | D:5      | Reached skill level 4 in Spellcasting
  4828 | D:5      | Noticed an orc warrior
  4839 | D:5      | Killed an orc warrior
  4840 | D:5      | Reached XP level 7. HP: 24/47 MP: 0/0
  4840 | D:5      | Learned a level 3 spell: Mephitic Cloud
  5298 | D:5      | Reached skill level 5 in Spellcasting
  5876 | D:6      | Reached XP level 8. HP: 50/52 MP: 0/0
  5885 | D:6      | Found a shadowy altar of Dithmenos.
  5893 | D:6      | Reached skill level 6 in Spellcasting
  5984 | D:6      | Noticed Maggie
  6000 | D:6      | Killed Maggie
  6060 | D:6      | Reached skill level 7 in Spellcasting
  6121 | D:6      | Identified the cursed +0 short sword "Share My Seeker"
                  | {Range, Cun} (You took it off a kobold on level 2 of the
                  | Dungeon)
  6414 | D:6      | Identified the +1 ring mail "Jitzos" {rN++ Int+2}
  6499 | D:6      | Reached XP level 9. HP: 45/57 MP: 0/0
  6499 | D:6      | Learned a level 3 spell: Teleport Other
  6675 | D:7      | Found a staircase to the Ecumenical Temple.
  6740 | D:7      | Reached skill level 8 in Spellcasting
  6790 | D:7      | Found a transporter.
  6855 | D:7      | Found a transporter.
  6861 | D:7      | Found a basalt altar of Yredelemnul.
  6863 | D:7      | Noticed a toenail golem
  7178 | D:7      | Reached skill level 9 in Spellcasting
  7475 | D:7      | Found a one-way gate to the infinite horrors of the Abyss.
  7475 | D:7      | Noticed MrSquiggles's ghost (novice DsFE)
  7593 | D:8      | Noticed Prince Ribbit
  7604 | D:8      | Killed Prince Ribbit
  7606 | D:8      | Reached XP level 10. HP: 40/64 MP: 0/0
  7790 | D:8      | Reached skill level 10 in Spellcasting
  8219 | D:8      | Noticed Grum
  8235 | D:8      | Killed Grum
  8612 | D:8      | Found a sacrificial altar of Ru.
  8908 | D:9      | Found a hide-covered altar of Uskayaw.
  8971 | D:9      | Reached skill level 11 in Spellcasting
  9033 | D:9      | Found Ytecrec's Armour Shoppe.
  9130 | D:9      | Found a staircase to the Orcish Mines.
  9569 | D:9      | Reached ** piety under Ashenzari
  9574 | D:9      | Noticed a two-headed ogre
  9582 | D:9      | Noticed a two-headed ogre
  9585 | D:9      | Killed a two-headed ogre
  9586 | D:9      | Reached XP level 11. HP: 65/71 MP: 0/0
  9586 | D:9      | Learned a level 5 spell: Silence
  9740 | D:9      | Reached skill level 12 in Spellcasting
  9865 | D:9      | Found a shimmering altar of Xom.
  9865 | D:9      | Found a stormy altar of Qazlal.
  9993 | D:9      | Killed a two-headed ogre
 10063 | D:10     | Entered Level 10 of the Dungeon
 10161 | D:10     | Noticed a two-headed ogre
 10171 | D:10     | Found a snail-covered altar of Cheibriados.
 10237 | D:10     | Noticed a two-headed ogre
 10238 | D:10     | Killed a two-headed ogre
 10243 | D:10     | Killed a two-headed ogre
 10244 | D:10     | Reached skill level 13 in Spellcasting
 10272 | D:10     | Found a staircase to the Lair.
 10553 | D:10     | Reached XP level 12. HP: 57/76 MP: 0/0
 10594 | D:10     | Identified the cursed +0 pair of gloves of Toth-Mos's
                  | Legacy {Fort, Self} (You found it on level 7 of the
                  | Dungeon)
 10610 | D:10     | Found a blossoming altar of Fedhas.
 10692 | D:10     | Reached skill level 5 in Dodging
 10787 | D:10     | Reached skill level 1 in Armour
 10861 | D:10     | Reached skill level 1 in Shields
 11133 | Lair:1   | Entered Level 1 of the Lair of Beasts
 11250 | Lair:1   | Noticed Urug
 11282 | Lair:1   | Killed Urug
 11289 | Lair:1   | HP: 4/82 [komodo dragon (20)]
 11291 | Lair:1   | Slain by a komodo dragon

Illustrated notes

Levels and vault maps discovered:
D:1:      dpeg_arrival_shrine, layout_basic
D:2:      layout_basic, basic_altar
D:3:      layout_loops_corners, nicolae_ashenzari_skybound,
          ebering_ghost_disaster_area, minmay_misc_feat_room,
          minmay_misc_feat_four_crosses, uniq_natasha
D:4:      layout_gridville, mainiacjoe_overflow_small_starburst, trog_wizard
D:5:      layout_cave_pods
D:6:      layout_gridville, grunt_dithmenos_smoke_and_mirrors,
          grunt_ministairs_8, uniq_maggie
D:7:      layout_basic, mainiacjoe_overflow_cross_hatched,
          minmay_temple_entry_junction, gammafunk_ghost_abyssal_escape
D:8:      layout_layer_cave, mainiacjoe_overflow_paths, hangedman_ru_absence,
          uniq_prince_ribbit1, uniq_grum
D:9:      layout_irregular_city, old_standard_altar,
          gammafunk_temple_overflow_elements, minmay_orc_entry_temple_large,
          serial_shops, kennysheep_little_box, chequers_serial_rivers_large_b,
          minmay_misc_feat_doors
D:10:     argonaut_augean_stables, layout_basic, lemuel_doored_altar,
          fedhas_bush_and_centaur_altar, erik_lair_island,
          amcnicky_mini_pool_medium
Lair:1:   minmay_lair_venomous_thicket, layout_loops_ring, st_stairs_13,
          evilmike_ambush [evilmike_ambush_outer_basic,
          evilmike_ambush_inner_basic], uniq_harold, uniq_amaemon, uniq_urug

Skill      XL: |  1  2  3  4  5  6  7  8  9 10 11 12 |
---------------+-------------------------------------+-----
Spellcasting   | 2 3 4 5 7 9 11 13 | 13.6
Dodging        | 3 4 6 |  6.5
Unarmed Combat | 4 |  4.3
Fighting       | 2 3 |  3.9
Armour         | 2 |  2.1
Shields        | 1 |  1.3

Action                     |  1- 3 |  4- 6 |  7- 9 | 10-12 || total
---------------------------+-------+-------+-------+-------++-------
  Melee: Unarmed           |   118 |    65 |     6 |    24 ||   213
         Headbutt          |    19 |    12 |       |       ||    31
         Punch             |       |     1 |       |       ||     1
         Short sword       |       |       |       |     2 ||     2
   Cast: Beastly Appendage |    23 |    13 |       |       ||    36
         Scorch            |       |    65 |   144 |   273 ||   482
         Slow              |       |       |     6 |    13 ||    19
         Ice Form          |       |       |     1 |       ||     1
         Mephitic Cloud    |       |       |     2 |    22 ||    24
         Teleport Other    |       |       |     2 |     1 ||     3
         Spider Form       |       |       |       |     2 ||     2
 Invoke: Curse Item        |       |     2 |     1 |     1 ||     4
         Shatter the Chain |       |       |     1 |       ||     1
    Use: Scroll            |       |     1 |       |       ||     1
   Stab: Sleeping          |     2 |       |       |       ||     2
 Armour: Robe              |    26 |    15 |     2 |       ||    43
         Steam dragon scal |       |       |    13 |    34 ||    47
         Skin              |       |       |     2 |       ||     2
         Troll leather arm |       |       |       |    11 ||    11
  Dodge: Dodged            |    86 |    62 |    50 |   119 ||   317
  Block: Buckler           |       |       |       |     9 ||     9

Table legend: (Time is in decaauts)
 A = Elapsed time spent in this place.
 B = Non-inter-level travel time spent in this place.
 C = Inter-level travel time spent in this place.
 D = Time resting spent in this place.
 E = Time spent auto-exploring this place.
 F = Levels seen in this place.
 G = Mean time per level.
                   A        B        C        D        E       F      G
               +--------+--------+--------+--------+--------+-----+--------+
         Total |  11282 |  10908 |    374 |    306 |   8327 |  11 | 1025.6 |
       Dungeon |  11138 |  10764 |    374 |    306 |   8273 |  10 | 1113.8 |
          Lair |    143 |    143 |      0 |      0 |     54 |   1 |  143.0 |
               +--------+--------+--------+--------+--------+-----+--------+

Top non-repeatable levels by time:
     D:1: 1394 daAuts
     D:8: 1349 daAuts
     D:5: 1210 daAuts
     D:9: 1131 daAuts
    D:10: 1087 daAuts
     D:3: 1067 daAuts
     D:4: 1036 daAuts
     D:2: 1010 daAuts
     D:6: 928 daAuts
     D:7: 923 daAuts
  Lair:1: 143 daAuts
